Cogmind - Beta 17.1 @@@ ROGUE MODE // 2026.09.02 @ 02:29:11 Player: +Jones Result: Destroyed by 0D-L3X(R) with Subdweller Machine Gun Performance ------------- Evolutions (0) 0 Regions Visited (2) 400 Robots Destroyed (40) 200 Value Destroyed (767) 767 Prototype IDs (14) 280 Alien Tech Used (0) 0 Bonus (6250) 6250 TOTAL SCORE: 7897 Bonus ------- Prayed to X0-1V1 5000 Major X0-1V1 Interference 1250 Cogmind --------- Core Integrity 0/160 Matter 292/300 Energy 180/200 System Corruption 20% Temperature Cool (0) Movement Rolling (125) Ox3 Location -10/Subcaves Parts ------- > --- POWER (1) -------- Subdweller Power Source > --- PROPULSION (1) --- Wheel > --- UTILITY (2) ------ Large Storage Unit Makeshift Light Armor Plating (fused) > --- WEAPON (3) ------- Subdweller Laser Barrage Gun (fused) Barrage Gun > --- INVENTORY (15) --- Light Treads Light Treads Huge Storage Unit Seismic Detector Tower Shield Makeshift Hacking Suite X0-1V1's Piety Tracker Battle Rifle Battle Rifle Heavy Battle Rifle Battle Cannon Subdweller Shrapnel Launcher Mining Laser Shrapnel Trap Peak State ------------ > --- POWER ------------ Subdweller Power Source > --- PROPULSION ------- Light Treads > --- UTILITY ---------- Large Storage Unit Makeshift Light Armor Plating > --- WEAPON ----------- Subdweller Laser Barrage Gun Barrage Gun > --- INVENTORY -------- Light Treads Light Treads Huge Storage Unit Seismic Detector Scrap Shield Tower Shield X0-1V1's Piety Tracker Battle Rifle Heavy Battle Rifle Battle Cannon Subdweller Shrapnel Launcher Mining Laser Shrapnel Trap [Rating: 21] Favorites ----------- Power Ion Engine Engine Ion Engine Propulsion Light Treads Treads Light Treads Wheel Wheel Utility Large Storage Unit Device Seismic Detector Storage Large Storage Unit Protection Light Armor Plating Weapon Particle Gun Energy Gun Particle Gun Ballistic Gun Barrage Gun Ballistic Cannon Light Cannon Special Weapon Mining Laser Build | -11 -10 -10 ------- Run | Yrd Mat Sub Slots Evolved . | . . . Power . | . . . Propulsion . | . . . Utility . | . . . Weapon . | . . . Parts Attached 23 | 7 8 8 Power 3 | 1 1 1 Engine 3 | 1 1 1 Core . | . . . Reactor . | . . . Propulsion 3 | 2 . 1 Treads 2 | 2 . . Leg . | . . . Wheel 1 | . . 1 Hover . | . . . Flight . | . . . Utility 6 | 2 3 1 Device 1 | 1 . . Storage 2 | 1 1 . Processor . | . . . Hackware . | . . . Protection 3 | . 2 1 Artifact . | . . . Weapon 11 | 2 4 5 Energy Gun 4 | 1 2 1 Energy Cannon . | . . . Ballistic Gun 5 | 1 1 3 Ballistic Cannon 1 | . 1 . Launcher . | . . . Special Weapon 1 | . . 1 Impact Weapon . | . . . Slashing Weapon . | . . . Piercing Weapon . | . . . Special Melee Weapon . | . . . Unidentified Prototypes . | . . . Parts Lost 5 | . 2 3 Power 1 | . . 1 Propulsion . | . . . Utility 2 | . 1 1 Weapon 2 | . 1 1 Highest Loss Streak 2 | . 1 2 To Critical Strikes . | . . . Average Backups 8 | . 6 12 Power . | . . . Propulsion 1 | . . 2 Utility 2 | . 1 4 Weapon 4 | . 4 5 Tool/Special . | . . . Unused Backups 11 | . . 11 Power . | . . . Propulsion 2 | . . 2 Utility 3 | . . 3 Weapon 6 | . . 6 Tool/Special . | . . . Average Slot Usage (%) 99 | . 99 98 Engine 13 | . 14 13 Treads 24 | . 27 20 Device 2 | . 3 . Storage 14 | . 14 14 Protection 11 | . 10 14 Energy Gun 14 | . 19 9 Ballistic Gun 15 | . 8 23 Peak Build Rating 21 | 7 11 21 Average Rating 11 | 6 8 15 On Entrance 6 | . 7 11 Avg Prop Armor Cover (%) . | . . . Naked Turns . | . . . Heaviest Build 39 | 12 34 39 Greatest Support 40 | 40 40 40 Greatest Overweight (x) 3 | . . 3 Average Overweight (x) . | . . . Largest Inventory Capacity 15 | 8 15 15 Average Capacity 14 | 7 14 15 Most Carried 15 | 2 11 15 Average Carried 9 | . 6 13 Final Capacity 15 | 8 15 15 Final Carried 15 | 2 11 15 Class Distribution -------------------- 80% | Mutant 17% | Derelict-Tank Dominant Class ---------------- Mutant | -10/Materials Mutant | -10/Subcaves Resources | -11 -10 -10 ----------- Run | Yrd Mat Sub Matter Collected 1051 | 307 279 465 Remotely . | . . . Salvage Created 1045 | 162 558 325 Parts 67 | 22 29 16 Haulers Intercepted 2 | . 2 . Recyclers Shooed 1 | . 1 . Parts Field Recycled . | . . . Retrieved Matter . | . . . Parts Self-Destructed 23 | . . 23 Prevented . | . . . Parts Restored . | . . . Kills | -11 -10 -10 ------- Run | Yrd Mat Sub Combat Hostiles Destroyed 22 | . 13 9 Melee 1 | . 1 . Guns 20 | . 11 9 Cannons 1 | . 1 . Classes Destroyed 10 | 2 6 2 Worker 2 | . 2 . Builder 2 | . 2 . Tunneler 8 | 7 1 . Hauler 2 | . 2 . Recycler 1 | 1 . . Watcher 3 | . 3 . Swarmer 7 | . 6 1 Grunt 10 | . 7 3 Sentry 1 | . . 1 Subdweller 4 | . . 4 Best Kill Streak 5 | 5 4 3 Combat Bots Only 3 | . 3 3 Max Kills in Single Turn 2 | 1 2 1 Gunslinging 1 | . 1 . Exploded . | . . . Melee 1 | . 1 . Uniques/NPCs Destroyed . | . . . Combat | -11 -10 -10 -------- Run | Yrd Mat Sub Hostile Shots Fired 109 | . 58 51 Missed 26 | . 8 18 Hits 83 | . 50 33 Projectile 83 | . 50 33 Damage Taken 1282 | . 576 706 Core 254 | . 63 191 Absorbed by Shields . | . . . Regen/Repaired (Parts) 104 | . 104 . Core Remaining (%) 100 | 100 . . Volleys Fired 113 | 17 59 37 Largest 3 | 2 2 3 Hottest 130 | 60 130 130 Shots Fired 230 | 34 118 78 Gun 219 | 34 114 71 Cannon 7 | . 4 3 Launcher . | . . . Special 4 | . . 4 Kinetic 127 | 17 64 46 Thermal 103 | 17 54 32 Explosive . | . . . Electromagnetic . | . . . Robot Hit Streak 20 | 10 20 13 Robot Miss Streak 3 | 3 3 2 Penetration Max . | . . . Secondary Targets 4 | . 1 3 Max Gunslinging Chain 1 | . 1 1 Shots Hit Robots 153 | 20 81 52 Core Hits 58 | 9 34 15 Critical Kills 1 | 1 . . Critical Parts Destroyed . | . . . Critical Strikes 8 | 1 2 5 Burn 5 | . 1 4 Destroy 2 | 1 . 1 Blast 1 | . 1 . Melee Attacks . | . . . Impact . | . . . Slashing . | . . . Piercing . | . . . Sneak Attacks . | . . . Combat Hostiles . | . . . Follow-up Attacks . | . . . Damage Inflicted 2265 | 238 1129 898 Guns 2127 | 235 1052 840 Cannons 96 | . 38 58 Explosions . | . . . Melee . | . . . Ramming 42 | 3 39 . Kinetic 1142 | 103 475 564 Thermal 1081 | 132 615 334 Explosive . | . . . Electromagnetic . | . . . Impact . | . . . Slashing . | . . . Piercing . | . . . Highest Corruption 20 | . . 20 Average Corruption 17 | . . 17 Corruption Purged . | . . . Corruption Blocked . | . . . Effects 40 | . . 40 Message Errors 6 | . . 6 Matter Fused 12 | . . 12 Heat Flow Errors 7 | . . 7 Energy Discharges 8 | . . 8 Parts Fused 1 | . . 1 Data Loss (minor) 3 | . . 3 Misfires 2 | . . 2 Weapon Failures 1 | . . 1 Overload Shots . | . . . Overflow Damage . | . . . Projectiles . | . . . Explosions . | . . . Melee . | . . . Knockbacks 1 | . . 1 Impact . | . . . Kinetic 1 | . . 1 Secondary . | . . . Self-Inflicted Damage . | . . . Shots . | . . . Rammed 10 | 1 9 . Targets Rammed 11 | 1 10 . Kicked . | . . . Crushed 1 | . 1 . Highest Temperature 356 | . 356 257 Average Temperature 94 | . 92 103 Received Heat Transfer 390 | . 249 141 Effects 1 | . 1 . Matter Decay 1 | . 1 . Siege Activations . | . . . Martial Activations . | . . . Shielding Activations . | . . . Robots Disrupted . | . . . Combat Hostiles . | . . . Robots Corrupted . | . . . Combat Hostiles . | . . . Parts Fried . | . . . Impact Corruptions . | . . . Robots Melted 1 | . 1 . Combat Hostiles . | . . . Parts Melted 3 | . 3 . Heat Transferred 2915 | 300 1554 1061 Parts Sabotaged . | . . . Parts Stolen . | . . . Parts Stripped . | . . . Power Chain Reactions . | . . . Alert | -11 -10 -10 ------- Run | Yrd Mat Sub Maximum Alert Level . | . . . Low Security (%) 100 | 100 100 . Level 1 . | . . . Level 2 . | . . . Level 3 . | . . . Level 4 . | . . . Level 5 . | . . . High Security . | . . . Max Security . | . . . Peak Influence 103 | 10 103 . Initial . | . . . Average 23 | 1 26 . Influence Increases 527 | 40 387 100 Destroy 0b10 Robot/C 360 | . 260 100 Destroy 0b10 Robot/NC 90 | 40 50 . Destroy Leader 60 | . 60 . Successful Hack 14 | . 14 . Destroy Structure 3 | . 3 . Influence Decreases 527 | 40 387 100 Time Decay 507 | 40 367 100 Lost Part 20 | . 20 . Squads Dispatched 1 | . 1 . Investigation . | . . . Extermination . | . . . Reinforcement 1 | . 1 . Assault . | . . . Garrison . | . . . Intercept . | . . . Searches Triggered . | . . . Construction Impeded . | . . . Haulers Reinforced . | . . . Active Scanning Responses . | . . . Cargo Convoy Interrupts . | . . . Stealth | -11 -10 -10 --------- Run | Yrd Mat Sub Distress Signals . | . . . Communications Jammed . | . . . Distress Signals . | . . . Times Spotted 29 | . 18 11 Peak Tracking Total 4 | . 4 4 Tactical Retreats . | . . . Traps | -11 -10 -10 ------- Run | Yrd Mat Sub Traps Triggered 3 | . . 3 Indirectly . | . . . Trap Hack Attempts . | . . . Triggered . | . . . Disarmed . | . . . Reprogrammed . | . . . Reused . | . . . Traps Extracted . | . . . Installed . | . . . Triggered . | . . . Most Traps Carried 1 | . . 1 Machines | -11 -10 -10 ---------- Run | Yrd Mat Sub Machines Disabled 2 | . . 2 Max in Single Turn 1 | . . 1 Machines Repaired . | . . . Machines Dismantled . | . . . Machines Sabotaged . | . . . Overloaded Fab Kills . | . . . Hacking | -11 -10 -10 --------- Run | Yrd Mat Sub Machines Accessed 8 | . 7 1 Terminals 6 | . 6 . Fabricators . | . . . Repair Stations 1 | . 1 . Recycling Units . | . . . Scanalyzers . | . . . Garrison Access . | . . . Total Hacks 19 | . 18 1 Successful 13 | . 12 1 Failed 6 | . 6 . Catastrophic 1 | . 1 . Database Lockouts . | . . . Manual 15 | . 15 . Terminals 16 | . 16 . Fabricators . | . . . Repair Stations 2 | . 2 . Recycling Units . | . . . Scanalyzers . | . . . Garrison Access . | . . . Terminal Hacks 4 | . 3 1 Robot Analysis 1 | . 1 . Locate Traps 2 | . 2 . Proto ID Catalog 1 | . . 1 Fabricator Hacks . | . . . Repair Station Hacks 2 | . 2 . Scan Component 1 | . 1 . Repair 1 | . 1 . Recycling Unit Hacks . | . . . Scanalyzer . | . . . Garrison Access Hacks . | . . . Unauthorized Hacks 7 | . 7 . Terminals 7 | . 7 . Botnet 2 | . 2 . Skim 5 | . 5 . Fabricators . | . . . Repair Stations . | . . . Recycling Units . | . . . Scanalyzers . | . . . Garrison Access . | . . . Data Cores Recovered . | . . . Used . | . . . Hacking Detections 7 | . 7 . Full Trace Events . | . . . Feedback Events . | . . . Feedback Blocked . | . . . Robot Schematics Acquired . | . . . Robots Built . | . . . Authchips . | . . . Time . | . . . Total Robot Build Rating . | . . . Part Schematics Acquired . | . . . Parts Built . | . . . Authchips . | . . . Time . | . . . Total Part Build Rating . | . . . Part Studies Acquired . | . . . Parts Repaired 1 | . 1 . Time 26 | . 26 . Parts Recycled . | . . . Recycled Matter . | . . . Retrieved Matter . | . . . Retrieved Components . | . . . Parts Scanalyzed . | . . . Part Schematics Acquired . | . . . Parts Damaged . | . . . Bothacking | -11 -10 -10 ------------ Run | Yrd Mat Sub Used RIF Installer . | . . . Robots Hacked . | . . . Non-combat . | . . . Combat . | . . . Robot Hacks Applied . | . . . Relay Couplers Released . | . . . Fabnet Peak Effective % . | . . . Robots Rewired . | . . . Allies Hacked . | . . . Hacks Repelled . | . . . Allies | -11 -10 -10 -------- Run | Yrd Mat Sub Total Allies . | . . . Largest Group . | . . . Highest-Rated Group . | . . . Highest-Rated Ally . | . . . Total Orders . | . . . Ally Attacks . | . . . Total Damage . | . . . Kills . | . . . Allies Corrupted . | . . . Allies Melted . | . . . X0-1V1 Amusement Gains 14 | . 4 10 Average Entertainment 4 | . 4 4 Good Acts 4 | . . 4 Bad Acts 8 | . . 8 Intel | -11 -10 -10 ------- Run | Yrd Mat Sub Active Infowar (turns) 619 | 141 478 . Seismic 619 | 141 478 . Robot Analysis Total 1 | . 1 . Derelict Logs Recovered . | . . . Drone Launches . | . . . Drone Recoveries . | . . . Exploration | -11 -10 -10 ------------- Run | Yrd Mat Sub Turns Passed 3444 | 231 1779 1434 Spaces Moved 1557 | 63 761 733 Core 3 | 3 . . Treads 1446 | 60 761 625 Legs . | . . . Wheels 108 | . . 108 Hover . | . . . Flight . | . . . Fastest Speed 50 | 50 160 125 Average Speed 166 | 154 160 174 Slowest Speed 240 | 160 160 240 Overloaded Moves . | . . . Propulsion Burnouts . | . . . Robots Hopped . | . . . Potential Cave-ins . | . . . Cave-ins Triggered . | . . . Exploration Rate (%) 48 | 4 98 44 Regions Visited 2 Branch Regions 1 Pre-discovered Areas 1 | . 1 . Known Exits Taken 1 | . 1 . Unknown Exits Taken 1 | 1 . . Scrap Searched 10 | . . 10 Spaces Dug . | . . . Terrain Destroyed . | . . . Melee . | . . . Projectile . | . . . AOE . | . . . Terrain Rammed . | . . . Walls Destroyed . | . . . Machines Disabled . | . . . Actions | -11 -10 -10 --------- Run | Yrd Mat Sub Total 2177 | 159 1199 819 Wait 427 | 70 346 11 Move 1555 | 62 760 733 Hop . | . . . Pick Up 27 | 2 11 14 Fast Attach 11 | 7 1 3 Attach 8 | . 2 6 Detach 3 | . . 3 Swap 11 | . 8 3 Drop 11 | . 2 9 Fire 113 | 17 59 37 Melee . | . . . Ram . | . . . Kick . | . . . Crush 11 | 1 10 . Escape Stasis . | . . . Rewire . | . . . Trap . | . . . Miscellaneous . | . . . Route ------- -11/Scrapyard -10/Materials (discovered 5 exits: *Mat x3 / *Min / *Sub) -10/Subcaves (discovered 3 exits: *Mat x2 / [*Rec]) History --------- Turn | Location | Event 29 | -11/Scrapyard | Discovered new exit (range 16) 232 | -11/Scrapyard | Entered Materials 303 | -10/Materials | Build established: Mutant 684 | -10/Materials | Discovered new exit (range 10) 700 | -10/Materials | Discovered new exit (range 4) 987 | -10/Materials | Discovered new exit (range 5) 1215 | -10/Materials | Repaired Lgt. Treads 1294 | -10/Materials | Discovered new exit (range 5) 1462 | -10/Materials | Discovered new exit (range 8) 1566 | -10/Materials | Identified exit to Mines 1566 | -10/Materials | Identified exit to Materials 1566 | -10/Materials | Identified exit to Subcaves 1638 | -10/Materials | Learned 4 Subcaves zone layouts 1701 | -10/Materials | Learned 4 Subcaves zone layouts 1753 | -10/Materials | Learned location of 1 exit from Recycling 1824 | -10/Materials | Learned 4 Materials zone layouts 1970 | -10/Materials | Learned location of 3 exits from Materials 2002 | -10/Materials | Prayed at D.C.S.S. Altar Unit 2011 | -10/Materials | Entered Subcaves 2012 | -10/Subcaves | Identified exit to Materials 2156 | -10/Subcaves | X0-1V1 sent you into danger 2195 | -10/Subcaves | Shifting Twisted Machinery released Barrage Gun 2232 | -10/Subcaves | Discovered new exit (range 10) 2281 | -10/Subcaves | Shifting Twisted Machinery released Barrage Gun 2356 | -10/Subcaves | X0-1V1 caused items to flee you 2393 | -10/Subcaves | X0-1V1 sent hostile G-34 Mercenary (x4) 2394 | -10/Subcaves | Core integrity fell below 50% 2598 | -10/Subcaves | System corruption reached 10% 2617 | -10/Subcaves | Items stopped fleeing you 2651 | -10/Subcaves | Visited 4L-MR0's lab 2675 | -10/Subcaves | Found Tower Shield 2813 | -10/Subcaves | X0-1V1 mutated your Propulsion slot to Weapon slot 2992 | -10/Subcaves | Disturbed a concealed Subdweller 2994 | -10/Subcaves | Disturbed a concealed Subdweller 3012 | -10/Subcaves | Core integrity fell below 20% 3289 | -10/Subcaves | Melee accuracy permanently improved by X0-1V1 (+9%; -90 max core) 3344 | -10/Subcaves | Build established: Derelict-Tank 3444 | -10/Subcaves | Disturbed a concealed Subdweller 3445 | -10/Subcaves | Destroyed by 0D-L3X(R) with Subdweller Machine Gun Last Messages --------------- 03434_ Found Mak. Hacking Suite. 03434_ Found 63 Matter. 03435_ Acquired 63 matter. 03435_ Searching scrap... 03435_ Found Humpback. 03435_ Found 56 Matter. 03436_ Acquired 56 matter. 03437_ Subatomizers dissect the Sub. Machine Gun. 03437_ Searching scrap... 03437_ Found Battle Rifle. 03437_ Found 41 Matter. 03438_ Acquired 14 matter. 03439_ System corrupted: Matter fused (-9). 03439_ Acquired 9 matter. 03440_ Acquired Mak. Hacking Suite. 03442_ Acquired Battle Rifle. 03444_ 0D-L3X(R) angrily emerges from the Twisted Machinery. 03445_ X0-1V1 cackles wildly! Map ----- +----------------------------------------------------+ | #???????????????????????????????????????## ## | | ????#######??????????????????????????????## ## | | ##### #??????????????????????????????## #### | | # ## #??????????????????????????????# ##?# | | # % #??????????????????????????????# #?? | | #??????????????????????????????## ##?? | | # # #???????????????????????????????#####??? | | ##???????????????????????????????????????? | | ##??????????????????????????????????????? | | # ##?####????????????????????????????????? | | ### ## #????????????????????????????????? | | ??##### #????????????????????????????????? | | ??????## ## ##????????????????????????????????? | | ???????#########?????????????????????????????????? | | ?????????????????????????????????????????????????? | | ?????????????????????????????????????????????????? | | ?????????????????????????????????????????????????? | | ?????????????????????????????????????????????????? | | ?????????????????????????????????????????????????? | | ?????????????????????????????????????????????????? | | ?????????????????????????????????????????????????? | | ?????????????????????????????????????????????????? | | ?????????????????????????????????????????????????? | | ?????????????????????????????????????????????????? | | ???????????????????????######????????????????????? | | ??????????????????????##<@ !#????????????????????? | | ??????????????????????#&R&<##????????????????????? | | ??????????????????????# ######???????????????????? | | ??????????????????????#< # ##???######?????????? | | ?????????????????######## ## ###?# ######????? | | ????????????????## ###" " ### ###??? | | ???????????????## ??? | | ??????????????## ??? | | ??????????????# # ??? | | ??????????????### < ### ## ??? | | ????????????????# #?## ### ??? | | ????????????????## ##?## ## ??? | | ##??????????????## ## ##?## ??? | | #??????????????# ###########??# #### ??? | | ##??????????????## #????????????# #??# ??? | | ##??????????????## #????????????## #??# ??? | | ##?????????????# ##????????????## #??# ??? | | #?????????????## ##?####???????# #??## ??? | | #?????????????## ### ##?####?###???# ??? | | #?????????????# #?# #??????## ??? | | ##?????????????# ### ##???### ??? | | #?????????????# ####### #???# ??? | | ##?????????????# #??### #?### ??? | | #??????????????### #??# ###### ??? | | #??????????????## #??## #???# #??? | +----------------------------------------------------+ Best States ------------- Heat Dissipation 25 Energy Generation 40 Energy Capacity 250 Matter Stores 300 Matter Capacity 300 Sight Range 16 Terrain Scan Density 10 Armor Coverage 150 Evasion (%) 40 Recoil Reduction 2 Item Schematics ----------------- None Robot Schematics ------------------ None Fabricated ------------ Nothing Repaired ---------- Lgt. Treads | 25% | -10/Materials Studied --------- None Alien Tech Used ----------------- None Achievements -------------- None Challenges ------------ None Game ------ Seed ConcussiveFrostAccelerator Manual? 0 Play Time 00:23:13 Cumulative 484.3 hours Start 2026.09.02 @ 02:10:40 End 2026.09.02 @ 02:29:11 Sessions 1 Manual Loads 0 Difficulty Rogue Special Mode None Game No. 373 Rogue 373 Adventurer 0 Explorer 0 Win Type - Total 8 Types 6/0/0/0/0/0/0/2/0/0 Lore% 72 Gallery% 72 Achievement% 60 Wizard Run 0 Options --------- Layout 1 ASCII 0 Keyboard 1 Movement Arrows Keybinds 0 Fullscreen 1 Font 36/Smallcaps Map View 50x40 Zoom Use 0% Tactical HUD 1 Map Filters NONE Filters NONE Steam 1 RUN: 55f4385b-d3df-4fd7-9356-c85912d23c23